 Dungeon Crawl Stone Soup version 0.28.0-53-g5a82cb258f (webtiles) character file.

Game seed: 16964769823398559861

110202 Infinimo the Shatterer (level 16, 0/197 HPs)
             Began as an Ogre Gladiator on May 29, 2022.
             Was an Initiate of Gozag.
             Slain by a naga
             ... wielding a +0 trident
              (5 damage)
             ... on level 2 of the Abyss.
             The game lasted 00:54:02 (39767 turns).

Infinimo the Shatterer (Ogre Gladiator)            Turns: 39767, Time: 00:54:02

Health: 0/197      AC: 11    Str: 27    XL:     16   Next: 54%
Magic:  16/16      EV:  7    Int:  5    God:    Gozag
Gold:   2008       SH:  0    Dex: 11    Spells: 15/15 levels left

rFire   + + .      SeeInvis +   d - +2 giant spiked club (spect)
rCold   + + .      Faith    .   (shield currently unavailable)
rNeg    + . .      Spirit   .   B - +1 steam dragon scales
rPois   +          Reflect  .   J - +1 hat {Stlth+}
rElec   +          Harm     .   j - +2 ratskin cloak {*Rats rPois rN+ Str-1 Int-1 Dex+1}
rCorr   +          Rampage  .   (gloves unavailable)
Will    ++++.                   (boots unavailable)
Stlth   +++.......              i - amulet of Gluttony {Acrobat +Inv Regen+}
HPRegen 1.22/turn               E - ring of the Hungering Queen {Drain rF+ Will++ rCorr Stlth+}
MPRegen 0.15/turn               r - ring "Todoxze" {rElec rF+ Will+ Int-3 SInv}

@: lethally poisoned (0 -> -1), constricted
A: large, unfitting armour, tough skin 1, cold resistance 2
a: Renounce Religion, Evoke Invisibility, Potion Petition, Call Merchant, Bribe
Branch


You were on level 2 of the Abyss.
You worshipped Gozag.
Gozag was most pleased with you.
You visited 4 branches of the dungeon, and saw 24 of its levels.
You visited the Abyss 1 time.
You also visited: Gauntlet.

You collected 10012 gold pieces.
You spent 2701 gold pieces at shops.
You paid 5303 gold pieces to Gozag.

Inventory:

Hand Weapons
 d - a +2 spectral giant spiked club (weapon)
Armour
 j - the +2 ratskin cloak (worn) {*Rats rPois rN+ Str-1 Int-1 Dex+1}
   (You found it on level 5 of the Dungeon)

   When the wearer is hurt, rats may emerge from it to assist them.
   Str:       It affects your strength (-1).
   Int:       It affects your intelligence (-1).
   Dex:       It affects your dexterity (+1).
   rPois:     It protects you from poison.
   rN:        It protects you from negative energy.
 u - a +1 cloak of preservation
 B - +1 steam dragon scales (worn)
 J - a +1 hat of stealth (worn)
Jewellery
 i - the amulet of Gluttony (around neck) {Acrobat +Inv Regen+}
   (You found it in a Gauntlet)

   [amulet of the acrobat]

   It increases your evasion while moving and waiting.
   +Inv:      It lets you turn invisible.
   Regen:     It increases your rate of health regeneration.
 r - the ring "Todoxze" (right hand) {rElec rF+ Will+ Int-3 SInv}
   (You bought it in a shop on level 9 of the Dungeon)

   [ring of protection from fire]

   Int:       It affects your intelligence (-3).
   rF:        It protects you from fire.
   rElec:     It insulates you from electricity.
   SInv:      It lets you see invisible.
   Will:      It increases your willpower.
 E - the ring of the Hungering Queen (left hand) {Drain rF+ Will++ rCorr Stlth+}
   (You bought it in a shop on level 2 of the Orcish Mines)

   [ring of protection from fire]

   rF:        It protects you from fire.
   rCorr:     It protects you from acid and corrosion.
   Drain:     It drains your maximum health when unequipped.
   Will:      It greatly increases your willpower.
   Stlth:     It makes you more stealthy.
 I - an amulet of reflection
Wands
 c - a wand of iceblast (3)
 v - a wand of digging (5)
 z - a wand of paralysis (5)
 A - a wand of polymorph (30)
 C - a wand of flame (24)
 F - a wand of charming (4)
Scrolls
 h - 4 scrolls of amnesia
 l - 2 scrolls of fog
 m - a scroll of vulnerability
 w - a scroll of blinking
 x - 6 scrolls of identify
 y - 4 scrolls of teleportation
Potions
 a - 3 potions of flight
 b - a potion of berserk rage
 e - 3 potions of attraction
 f - 4 potions of cancellation
 g - 2 potions of might
 k - 4 potions of lignification
 o - 2 potions of resistance
 p - 3 potions of ambrosia
 q - a potion of haste
 s - 4 potions of curing
 t - 4 potions of degeneration
 D - 2 potions of brilliance
 H - 2 potions of magic


   Skills:
 + Level 21.5 Fighting
 * Level 21.5 Maces & Flails
 - Level 2.0 Throwing
 - Level 2.6 Dodging


You had 15 spell levels left.
You didn't know any spells.
Your spell library contained the following spells:

 Spells                   Type           Power      Damage    Failure   Level
 Foxfire                  Conj/Fire      0%         2x1d4     47%         1
 Freeze                   Ice            0%         1d3       47%         1
 Magic Dart               Conj           0%         1d3       47%         1
 Sting                    Tmut/Pois      0%         1d3       47%         1
 Blink                    Tloc           0%         N/A       63%         2
 Ensorcelled Hibernation  Hex/Ice        0%         N/A       63%         2
 Poisonous Vapours        Pois/Air       0%         N/A       63%         2
 Searing Ray              Conj           0%         2d4       63%         2
 Confusing Touch          Hex            0%         N/A       85%         3
 Conjure Flame            Conj/Fire      0%         6-21      85%         3
 Frozen Ramparts          Ice            0%         1d2       85%         3
 Gell's Gravitas          Tloc           0%         N/A       85%         3
 Inner Flame              Hex/Fire       0%         N/A       85%         3
 Lesser Beckoning         Tloc           0%         N/A       85%         3
 Spider Form              Tmut/Pois      0%         N/A       85%         3
 Teleport Other           Tloc           0%         N/A       85%         3
 Anguish                  Hex/Necr       0%         N/A       99%         4
 Flame Wave               Conj/Fire      0%         2d4       99%         4
 Fulminant Prism          Conj/Hex       0%         3d6       99%         4
 Hailstorm                Conj/Ice       0%         3d3       99%         4
 Ice Form                 Ice/Tmut       0%         N/A       99%         4
 Olgreb's Toxic Radiance  Pois           0%         N/A       99%         4
 Summon Ice Beast         Ice/Summ       0%         N/A       99%         4
 Manifold Assault         Tloc           0%         N/A       100%        5
 Summon Forest            Summ/Tloc      0%         N/A       100%        5
 Yara's Violent Unravell  Hex/Tmut       0%         3d3       100%        5
 Eringya's Noxious Bog    Tmut/Pois      0%         N/A       100%        6
 Enfeeble                 Hex            0%         N/A       100%        7
 Summon Hydra             Summ           0%         N/A       100%        7


Dungeon Overview and Level Annotations

Branches:
Dungeon (15/15)            Temple (1/1) D:5            Lair (6/6) D:8
  Swamp (0/4) Lair:4        Snake (0/4) Lair:4        Slime (0/5) Lair:5
    Orc (2/2) D:9             Elf (0/3) Orc:2        Vaults (0/5) D:13
Gauntlet (visited)
 Depths: D:15

Altars:
Ashenzari
Cheibriados
Dithmenos
Elyvilon
Fedhas
Gozag
Hepliaklqana
Kikubaaqudgha
Makhleb
Nemelex Xobeh
Okawaru
Qazlal
Ru
Sif Muna
Trog
Uskayaw
Vehumet
Wu Jian
Xom
Yredelemnul
Zin
The Shining One
Beogh
Jiyva
Lugonu

Shops:
D:4 *   D:9 =   D:12 *   Orc:1 (   Orc:2 [==!:[(*(*   Lair:1 (   Lair:4 [
Lair:6 *

Annotations:
D:3 Natasha
D:4 2 transporters, Peloso's ghost, amateur MiFi
D:10 3 runed translucent doors, Dreadrock's ghost, novice MiBe
Lair:5 1 runed translucent door


Innate Abilities, Weirdness & Mutations

You are too large for most types of armour.
You have tough skin. (AC +1)
Your flesh is very cold resistant. (rC++)


Message History

The splash of poison misses you. The naga hits you with a +0 trident!
The naga grabs you. The naga constricts you.
The naga warrior spits poison at you. The splash of poison hits you.
You are poisoned.
You resist.
You hit the naga warrior.
The naga warrior is lightly wounded.
Your +2 spectral giant spiked club hits the naga warrior!!
You feel sick.
The naga warrior hits you with a +0 battleaxe!!
* * * LOW HITPOINT WARNING * * *
The naga warrior misses your +2 spectral giant spiked club.
The naga hits you with a +0 trident!
* * * LOW HITPOINT WARNING * * *
The naga constricts you.
* * * LOW HITPOINT WARNING * * *
Unknown command.
You spit the naga warrior like a pig!!!
The naga warrior is heavily wounded.
Your +2 spectral giant spiked club hits the naga warrior!!
You feel sick.
The naga warrior hits you with a +0 battleaxe!
* * * LOW HITPOINT WARNING * * *
The naga warrior hits your +2 spectral giant spiked club with a +0 battleaxe!!
Your spectral weapon shares its damage with you!
Your +2 spectral giant spiked club fades away.
* * * LOW HITPOINT WARNING * * *
The naga barely misses you. The naga constricts you.
* * * LOW HITPOINT WARNING * * *
You feel much better.
You feel sick.
The naga warrior hits you with a +0 battleaxe!!
* * * LOW HITPOINT WARNING * * *
The naga barely misses you. The naga constricts you.
You feel much better.
You feel sick.
The naga warrior hits you with a +0 battleaxe!!
* * * LOW HITPOINT WARNING * * *
The naga hits you with a +0 trident.
You die...
Your body crumbles into a pile of gold.

..# #.#....... .
#.##.##.. ....
..#.........#
...#...##.##.#..
....##..........
###.#....#..
..##
##.N.....#....#
#....#....# ...
#.§@#....#.....
###NN.#...... .
............#
....♣♣....♣.
....## ...♣.
.....# ...
##.#### . ##


You could see 2 naga warriors and a naga.

Vanquished Creatures
  Rupert (Orc:2)
  A frost giant (D:12)
  3 orc warlords
  The ghost of CryoSword the Basher, a journeyman DgIE (D:13)
  A minotaur (Gauntlet)
  A green death (Abyss:1)
  3 vault guards (D:13)
  An ice dragon (D:13)
  Harold (D:7)
  4 catoblepae (Lair:6)
  3 boulder beetles
  2 death knights
  10 hydras
  6 death yaks (Lair:6)
  4 centaur warriors (D:13)
  2 death scarabs (Gauntlet)
  4 tengu warriors
  Urug (Orc:2)
  7 two-headed ogres
  3 orc high priests
  A deep elf knight (Orc:1)
  A spectral death yak (Gauntlet)
  A flayed ghost (Abyss:1)
  A skeletal warrior (D:13)
  3 orc knights (Orc:2)
  A phantasmal warrior (Abyss:1)
  2 deep elf pyromancers (D:12)
  A lindwurm (Lair:5)
  A deep elf zephyrmancer (Orc:1)
  A harpy (shapeshifter) (D:13)
  A spectral boulder beetle (Gauntlet)
  4 orc sorcerers
  8 slime creatures (D:13)
  3 manticores
  A worldbinder (Abyss:1)
  2 ugly things
  5 black mambas
  25 elephants
  2 cyclopes
  A guardian serpent (Abyss:2)
  An elephant (shapeshifter) (D:12)
  A gargoyle (D:12)
  3 torpor snails
  10 cane toads
  Maggie (Lair:2)
  8 kobold demonologists
  14 komodo dragons
  3 unseen horrors
  A rime drake (Lair:6)
  A tengu conjurer (Gauntlet)
  3 efreet
  10 trolls
  A yaktaur (D:12)
  3 meliai (D:12)
  A queen bee (D:12)
  5 polar bears
  13 blink frogs
  5 dream sheep (Lair:6)
  A spectral dream sheep (Gauntlet)
  A meliai zombie (D:11)
  Sigmund (D:2)
  2 shadows
  4 wyverns
  86 yaks
  A spectral komodo dragon (Gauntlet)
  5 wraiths
  7 humans (D:13)
  4 basilisks
  A neqoxec (Abyss:1)
  2 large abominations (Abyss:1)
  4 nagas (Lair:4)
  2 wargs
  An acid dragon (D:13)
  19 water moccasins
  A hell hound (Abyss:1)
  A black bear (D:6)
  34 orc warriors
  An ice beast (D:5)
  13 wolves
  15 centaurs
  13 ogres
  A phantom (D:6)
  6 kobold brigands
  17 bullfrogs
  A gnoll sergeant (D:11)
  2 water moccasin skeletons
  37 killer bees
  5 wights
  A howler monkey (D:12)
  2 centaur zombies
  A jelly (D:8)
  9 orc priests
  2 hounds
  A gnoll shaman (D:7)
  4 iguanas
  26 orc wizards
  Natasha (D:3)
  9 hell rats
  A killer bee zombie (D:5)
  A howler monkey zombie (D:8)
  Robin (D:3)
  23 gnolls
  A howler monkey skeleton (D:7)
  7 adders
  21 river rats (D:5)
  12 white imps (Lair:5)
  An ufetubus (D:4)
  A worm (D:3)
  5 dart slugs
  102 orcs
  6 bats
  An endoplasm (D:4)
  6 giant cockroaches
  14 goblins
  10 hobgoblins
  4 jackals (D:2)
  2 quokkas (D:1)
  6 ball pythons
  4 frilled lizards
  35 kobolds
  4 rats
820 creatures vanquished.

Vanquished Creatures (collateral kills)
  A centaur zombie (D:11)
  A cane toad (Lair:3)
  2 gargoyles (D:12)
  A dream sheep (Lair:6)
  3 yaks
  Eustachio (D:6)
  A killer bee (D:10)
  An orc priest (D:10)
  A gnoll shaman (D:7)
  A gnoll (D:7)
  An orc (D:13)
14 creatures vanquished.

Vanquished Creatures (others)
  A vault guard (D:13)
  A human (D:13)
  6 demonic plants (D:10)
  52 fungi
  69 plants
129 creatures vanquished.

Grand Total: 963 creatures vanquished

Notes
Turn   | Place    | Note
-------+----------+-------------------------------------------
     0 | D:1      | Infinimo the Ogre Gladiator began the quest for the Orb.
     0 | D:1      | Reached XP level 1. HP: 22/22 MP: 1/1
   193 | D:1      | Reached XP level 2. HP: 29/31 MP: 2/2
   397 | D:1      | Reached XP level 3. HP: 31/37 MP: 3/3
   660 | D:1      | Found a faded altar of an unknown god.
  1307 | D:2      | Reached XP level 4. HP: 46/48 MP: 4/4
  1649 | D:2      | Noticed Sigmund
  2364 | D:3      | Noticed Robin
  2439 | D:3      | Killed Robin
  2501 | D:3      | Found a snail-covered altar of Cheibriados.
  2513 | D:3      | Reached XP level 5. HP: 53/55 MP: 5/5
  3212 | D:3      | Noticed Natasha
  3219 | D:3      | Killed Natasha
  3334 | D:3      | Noticed an ogre
  3346 | D:3      | Reached skill level 5 in Maces & Flails
  3400 | D:3      | Noticed Natasha
  3605 | D:2      | Killed Sigmund
  3606 | D:2      | Reached skill level 5 in Fighting
  3606 | D:2      | Reached XP level 6. HP: 46/66 MP: 6/6
  3865 | D:4      | Reached XP level 7. HP: 28/74 MP: 7/7
  4237 | D:4      | Noticed Peloso's ghost (amateur MiFi)
  4251 | D:4      | Found a transporter.
  4255 | D:4      | Found a transporter.
  4628 | D:4      | Found Reocluaz's General Store.
  4979 | D:5      | Entered Level 5 of the Dungeon
  5181 | D:5      | Found a staircase to the Ecumenical Temple.
  5924 | D:5      | Reached XP level 8. HP: 80/87 MP: 8/8
  7123 | Temple   | Entered the Ecumenical Temple
  8152 | D:5      | Found the +2 ratskin cloak {*Rats rPois rN+ Str-1 Int-1
                  | Dex+1}
  8336 | D:6      | Noticed Eustachio
  8351 | D:6      | Killed Eustachio
  8555 | D:6      | Found an opulent altar of Gozag.
  8555 | D:6      | Found a shimmering blue altar of Sif Muna.
  8555 | D:6      | Found a glowing golden altar of the Shining One.
  8555 | D:6      | Found a broken altar of Ashenzari.
  8556 | D:6      | Found a radiant altar of Vehumet.
  8556 | D:6      | Found a hazy altar of Hepliaklqana.
  8557 | D:6      | Found a hide-covered altar of Uskayaw.
  8562 | D:6      | Reached XP level 9. HP: 90/97 MP: 9/9
  8562 | D:6      | Found a stormy altar of Qazlal.
  8562 | D:6      | Found a bloodstained altar of Trog.
  8563 | D:6      | Found a sparkling altar of Nemelex Xobeh.
  8576 | D:6      | Became a worshipper of Gozag Ym Sagoz the Greedy
  8623 | D:6      | Found an iron altar of Okawaru.
  9762 | D:7      | Reached skill level 10 in Maces & Flails
  9776 | D:7      | Reached skill level 10 in Fighting
 10148 | D:7      | Noticed Harold
 10193 | D:7      | Killed Harold
 10194 | D:7      | Reached XP level 10. HP: 36/111 MP: 10/10
 11652 | D:8      | Found a staircase to the Lair.
 12076 | D:8      | Noticed a two-headed ogre
 12110 | D:8      | Killed a two-headed ogre
 13242 | D:9      | Found a staircase to the Orcish Mines.
 13588 | D:10     | Entered Level 10 of the Dungeon
 13953 | D:10     | Noticed a two-headed ogre
 14274 | D:10     | Found a runed translucent gate.
 14274 | D:10     | Found a runed translucent gate.
 14274 | D:10     | Found a runed translucent gate.
 14276 | D:10     | Noticed Dreadrock's ghost (novice MiBe)
 14276 | D:10     | Noticed a great orb of eyes
 14454 | D:10     | Found a corrupted altar of Lugonu.
 14492 | D:10     | Noticed a kobold demonologist
 14500 | D:10     | Killed a kobold demonologist
 14501 | D:10     | Reached XP level 11. HP: 116/124 MP: 11/11
 14588 | D:10     | Killed a two-headed ogre
 14920 | D:10     | Found a viscous altar of Jiyva.
 14967 | D:11     | Noticed a two-headed ogre
 14982 | D:11     | Killed a two-headed ogre
 15766 | D:11     | Noticed a sun demon
 15849 | D:9      | Bought the ring "Todoxze" {rElec rF+ Will+ Int-3 SInv} for
                  | 637 gold pieces
 15956 | D:11     | Noticed a sun demon
 16121 | D:11     | Noticed a cyclops
 16137 | D:11     | Killed a cyclops
 16442 | D:12     | Noticed a boulder beetle
 16455 | D:12     | Killed a boulder beetle
 16590 | D:12     | Noticed a tengu warrior
 16618 | D:12     | Killed a tengu warrior
 16961 | D:12     | Noticed a cyclops
 16977 | D:12     | Killed a cyclops
 17018 | D:12     | Noticed a boulder beetle
 17288 | D:12     | Reached XP level 12. HP: 84/139 MP: 8/12
 17663 | D:12     | Found Pusiec's Assorted Antiques.
 17712 | D:12     | HP: 6/140 [meliai/divine providence (13)]
 18214 | D:12     | Bought a scroll of teleportation for 84 gold pieces
 18215 | D:12     | Bought a scroll of identify for 56 gold pieces
 18500 | D:12     | Killed a boulder beetle
 18501 | D:12     | Reached skill level 15 in Maces & Flails
 18732 | D:12     | Reached skill level 15 in Fighting
 18926 | D:12     | Noticed a two-headed ogre
 18939 | D:12     | Killed a two-headed ogre
 18956 | D:12     | Noticed a shock serpent
 18956 | D:12     | a glowing orange brain changed into a shock serpent
 18958 | D:12     | a shock serpent changed into a swamp dragon
 18961 | D:12     | Noticed a tengu warrior
 18961 | D:12     | Noticed a frost giant
 18963 | D:12     | Noticed a spark wasp
 18963 | D:12     | a slime creature changed into a spark wasp
 19287 | D:12     | Killed a tengu warrior
 19771 | Lair:1   | Entered Level 1 of the Lair of Beasts
 20502 | Lair:1   | Reached XP level 13. HP: 117/152 MP: 7/13
 22130 | Lair:2   | You fall into a shaft and drop 2 floors!
 22408 | Lair:2   | Noticed Maggie
 22416 | Lair:2   | Killed Maggie
 24786 | Lair:4   | Found a staircase to the Swamp.
 25358 | Lair:4   | Reached XP level 14. HP: 156/167 MP: 12/14
 25715 | Lair:4   | Found a staircase to the Snake Pit.
 27568 | Lair:5   | Found a frozen archway.
 28144 | Lair:5   | Found a runed translucent door.
 28144 | Lair:5   | Found a viscous altar of Jiyva.
 28145 | Lair:5   | Found a staircase to the Slime Pits.
 28327 | Lair:6   | Entered Level 6 of the Lair of Beasts
 29400 | Lair:6   | Gained mutation: Your flesh is cold resistant. (rC+)
                  | [potion of mutation]
 29400 | Lair:6   | Gained mutation: Your flesh is very cold resistant. (rC++)
                  | [potion of mutation]
 30650 | Lair:6   | Reached XP level 15. HP: 169/180 MP: 15/15
 31800 | Lair:6   | Bought a small golden ring for 145 gold pieces
 31950 | Orc:1    | Entered Level 1 of the Orcish Mines
 32274 | Orc:1    | Noticed an orc warlord
 32291 | Orc:1    | Killed an orc warlord
 32579 | Orc:1    | Found Weghon's Weapon Boutique.
 32743 | Orc:2    | Entered Level 2 of the Orcish Mines
 32743 | Orc:2    | Found a staircase to the Elven Halls.
 32743 | Orc:2    | Found Heunas's Distillery.
 32747 | Orc:2    | Bought a potion of might for 56 gold pieces
 32747 | Orc:2    | Bought a potion of curing for 42 gold pieces
 32747 | Orc:2    | Bought a potion of heal wounds for 70 gold pieces
 33235 | Orc:2    | Noticed an orc warlord
 33338 | Orc:1    | Killed an orc warlord
 33521 | Orc:2    | Found Oconoges's General Store.
 34045 | Orc:2    | Bought a scroll of acquirement for 728 gold pieces
 34045 | Orc:2    | Bought a potion of haste for 140 gold pieces
 34045 | Orc:2    | Bought a scroll of teleportation for 42 gold pieces
 34046 | Orc:2    | Acquired 1088 gold pieces
 34063 | Orc:2    | Found Rurphyty's Antique Weapon Shoppe.
 34111 | Orc:2    | Found Byogoihe's Assorted Antiques.
 34120 | Orc:2    | Bought a scroll of teleportation for 75 gold pieces
 34120 | Orc:2    | Bought a fuming amethyst potion for 22 gold pieces
 34126 | Orc:2    | Found Cekuu's Weapon Shoppe.
 34146 | Orc:2    | Found Zygublych's Antique Armour Shoppe.
 34198 | Orc:2    | Found Cixtur's Jewellery Shop.
 34216 | Orc:2    | Found Igy Saib's Armour Shoppe.
 34302 | Orc:2    | Bought the ring of the Hungering Queen {Drain rF+ Will++
                  | rCorr Stlth+} for 604 gold pieces
 34401 | Orc:2    | Found Ziolil's Book Shop.
 34410 | Orc:2    | Noticed Urug
 34421 | Orc:2    | Killed Urug
 34844 | Orc:2    | Noticed Rupert
 34851 | Orc:2    | Killed Rupert
 34995 | Orc:2    | Noticed an orc warlord
 35000 | Orc:2    | Killed an orc warlord
 35717 | D:12     | Killed a frost giant
 36300 | D:13     | Reached XP level 16. HP: 98/192 MP: 8/16
 37454 | D:13     | Found a runed translucent gate.
 37455 | D:13     | Noticed CryoSword's ghost (journeyman DgIE)
 37455 | D:13     | Found a runed translucent gate.
 37456 | D:13     | Found a runed translucent gate.
 38001 | D:13     | Found a gate to the Vaults.
 38080 | D:13     | Identified the +3 leather armour of Grace {rN+}
 38112 | D:13     | Killed CryoSword's ghost
 38418 | D:14     | Found a gate leading to a gauntlet.
 38429 | Gauntlet | Entered a Gauntlet
 38429 | Gauntlet | Found a transporter.
 38429 | Gauntlet | Found a transporter.
 38476 | Gauntlet | Found a transporter.
 38476 | Gauntlet | Found a transporter.
 38479 | Gauntlet | Found a transporter.
 38479 | Gauntlet | Found a transporter.
 38493 | Gauntlet | Found a transporter.
 38493 | Gauntlet | Found a transporter.
 38505 | Gauntlet | Found a transporter.
 38509 | Gauntlet | Found a transporter.
 38529 | Gauntlet | Found a transporter.
 38531 | Gauntlet | Found a transporter.
 38791 | Gauntlet | Identified the amulet of Gluttony {Acrobat +Inv Regen+}
 39164 | D:14     | Found a stormy altar of Qazlal.
 39439 | D:15     | Entered Level 15 of the Dungeon
 39468 | D:15     | Cast into level 1 of the Abyss (meliai)
 39525 | Abyss:1  | Found a corrupted altar of Lugonu.
 39665 | Abyss:1  | Found a corrupted altar of Lugonu.
 39765 | Abyss:2  | HP: 8/197 [constriction (2)]
 39766 | Abyss:2  | HP: 1/197 [naga warrior/+0 battleaxe (25)]
 39767 | Abyss:2  | Slain by a naga

Illustrated notes

Levels and vault maps discovered:
D:1:      saegor_arrival_simple_e, layout_basic,
          chequers_ecumenical_altar_grove, st_stairs_10, grunt_decor_cap
D:2:      layout_loops_ring, uniq_sigmund
D:3:      layout_basic, kennysheep_slug_shrine, st_stairs_5,
          kennysheep_pointless_box, uniq_natasha, uniq_robin
D:4:      layout_loops_ring, gammafunk_ghost_abyssal_escape,
          hangedman_abyss_or_decor_stabs, kennysheep_windowed_goal
D:5:      wander_guarded_unrand_ratskin, layout_layer_cave, temple_fountains
D:6:      layout_loops_ring, nicolae_overflows_in_rows,
          okawaru_metal_pillars_1_2, chequers_serial_rivers_micro_b,
          uniq_eustachio
D:7:      layout_cave_pods, minmay_liquid_box, uniq_harold
D:8:      layout_loops_corners, dpeg_oklobed_lair, special_room
          [special_room_orc]
D:9:      statuecave_lemuel, layout_layer_cave, orc_0_dummy
D:10:     kennysheep_kobold_lugonu_temple, layout_cave_pools,
          gammafunk_ghost_ooze
D:11:     layout_long_grid
D:12:     regret_index_wax_grids, layout_small_grid, serial_shops,
          nicolae_shop_crystal, hangedman_abyss_or_decor_clamps
D:13:     dragon1_lemuel, layout_rooms, ximxim_vaults_locker_room,
          biasface_ghost_orc_armoury, kennysheep_potato
D:14:     layout_roguey, minivault_23, gauntlet_entry_generic,
          nicolae_qazlal_style_of_elements
D:15:     gammafunk_enter_depths_forms, layout_irregular_city,
          evilmike_ruin_ashenzari, nicolae_trove_entry_path_of_doom, uniq_louise
Temple:   compressed_dpeg_circular_temple
Lair:1:   layout_roguey
Lair:2:   layout_regular_city, st_stairs_8, grunt_megastairs_2, uniq_maggie
Lair:3:   layout_cave_pods
Lair:4:   layout_gridlike, minmay_swamp_entry_reptiles,
          minmay_snake_entry_guardpost_medium, serial_bayou_crossing,
          lemuel_fruit_fields
Lair:5:   layout_misc_corridors, slime_altar_2, portal_ice_cave_entry_imps,
          dreamdust_deal_with_the_devil, chequers_serial_rivers_room_b
Lair:6:   evilmike_catoblepas_cave, layout_cave_pods
Orc:1:    layout_caves, serial_shops, nicolae_shop_bloodbath_and_beyond,
          elf_legates
Orc:2:    grunt_orc_gardens, layout_caves, grunt_orc_garden, grunt_orc_garden,
          grunt_orc_garden, grunt_orc_garden, basic_altar, serial_shops,
          nicolae_shop_window_shopping, shop, nicolae_shop_hallway_stairs, shop,
          shop, library_closet, minmay_orc_barracks, uniq_urug, uniq_rupert
Abyss:2:  base: D:1, gammafunk_corrupted_shrine

Skill      XL: |  1  2  3  4  5  6  7  8  9 10 11 12 13 14 15 16 |
---------------+-------------------------------------------------+-----
Fighting       | 3 4 5 7 8 10 12 14 16 17 19 20 21 | 21.5
Maces & Flails | 3 4 5 6 7 8 10 12 14 16 17 19 20 21 | 21.5
Throwing       | |  2.0
Dodging        | |  2.6

Action                   |  1- 3 |  4- 6 |  7- 9 | 10-12 | 13-15 | 16-18 || total
-------------------------+-------+-------+-------+-------+-------+-------++-------
Melee: Flail             |   112 |   124 |   330 |   633 |  1009 |       ||  2208
       Giant spiked club |       |       |       |       |   245 |   200 ||   445
 Fire: Hunting sling     |       |     8 |     2 |       |       |       ||    10
Throw: Dart              |       |     6 |     6 |    12 |       |       ||    24
       Throwing net      |       |     2 |     2 |     1 |       |       ||     5
Invok: Call Merchant     |       |       |       |     1 |     4 |       ||     5
       Potion Petition   |       |       |       |       |     1 |       ||     1
Evoke: Wand              |       |       |     5 |     3 |    17 |       ||    25
  Use: Scroll            |       |       |    10 |    18 |    10 |     1 ||    39
       Potion            |       |       |     1 |     2 |     3 |     2 ||     8
 Stab: Sleeping          |       |     1 |       |       |       |     2 ||     3
       Distracted        |       |       |     1 |     1 |     8 |     4 ||    14
Armor: Robe              |    60 |    28 |   103 |   190 |    40 |       ||   421
       Steam dragon scal |       |       |       |       |   304 |    83 ||   387
       Skin              |       |       |       |       |    31 |       ||    31
Dodge: Dodged            |    75 |    73 |   153 |   294 |   504 |   138 ||  1237
Block: Other             |       |       |       |       |       |     5 ||     5
